 Dungeon Crawl Stone Soup version 0.30-a0-141-g30f27751c5 (webtiles) character file.

Game seed: 3720295707838445537

20520 qw the Cleaver (level 12, -9/77 HPs)
             Began as a Gargoyle Fighter on Sept 25, 2022.
             Was a Priest of Okawaru.
             Killed from afar by a rime drake (14 damage)
             ... with a flash freeze
             ... summoned by an orange crystal statue
             ... on level 3 of the Lair of Beasts.
             The game lasted 00:05:11 (13415 turns).

qw the Cleaver (Gargoyle Fighter)                  Turns: 13415, Time: 00:05:11

Health: -9/77      AC: 30    Str: 24    XL:     12   Next: 80%
Magic:  1/18       EV:  7    Int: -24 (10)God:    Okawaru [***...]
Gold:   701        SH:  5    Dex: 12    Spells: 11/11 levels left

rFire   . . .      SeeInvis +    r - +0 war axe (spect)
rCold   + . .      Faith    .    c - +0 buckler
rNeg    + + +      Spirit   .    m - +0 plate armour
rPois   inf        Reflect  .    i - +1 helmet
rElec   +          Harm     .    l - scarf {repulsion}
rCorr   .          Rampage  .    a - +2 pair of gloves {Dex+3}
Will    .....                    z - +0 pair of boots
Stlth   ..........               (no amulet)
HPRegen 0.22/turn                t - ring "Riodoost" {rElec rC+ rN++}
MPRegen 0.16/turn                h - ring of see invisible

@: slowed, lost intelligence, repel missiles, unable to read, very slow
A: sickness immunity, AC +8, negative energy resistance 1, electricity
resistance, torment resistance 1, petrification resistance
a: Renounce Religion, Heroism


You were on level 3 of the Lair of Beasts.
You worshipped Okawaru.
Okawaru was most pleased with you.
You visited 2 branches of the dungeon, and saw 12 of its levels.

You collected 743 gold pieces.
You spent 42 gold pieces at shops.


Innate Abilities, Weirdness & Mutations

You are immune to sickness and miasma.
Your stone body is resilient. (AC +8)
You are immune to poison.
You resist negative energy. (rN+)
You are resistant to electric shocks. (rElec)
You are resistant to unholy torment.
You are immune to petrification.


   Skills:
 - Level 10.1 Fighting
 - Level 13.0 Axes
 - Level 4.0 Throwing
 + Level 9.1 Armour
 - Level 2.2 Dodging
 - Level 6.0 Shields
 - Level 8.2 Invocations


You had 11 spell levels left.
You didn't know any spells.
Your spell library was empty.

Inventory:

Hand Weapons
 r - a +0 spectral war axe (weapon)
 y - a +0 morningstar
Missiles
 b - 2 javelins (quivered)
 B - 3 boomerangs
Armour
 a - a +2 pair of gloves of dexterity (worn)
 c - a +0 buckler (worn)
 i - a +1 helmet (worn)
 l - a scarf of repulsion (worn)
 m - a +0 plate armour (worn)
 z - a +0 pair of boots (worn)
Jewellery
 h - a ring of see invisible (right hand)
 n - the ring "Qaugh" {rElec rCorr}
   (You took it off an orc warrior on level 8 of the Dungeon)

   [ring of resist corrosion]

   rElec:     It insulates you from electricity.
   rCorr:     It protects you from acid and corrosion.
 t - the ring "Riodoost" (left hand) {rElec rC+ rN++}
   (You found it on level 4 of the Dungeon)

   [ring of protection from cold]

   rC:        It protects you from cold.
   rElec:     It insulates you from electricity.
   rN:        It greatly protects you from negative energy.
 x - a ring of protection from cold
 A - a ring of fire
Wands
 v - a wand of digging (4)
Scrolls
 e - a scroll of teleportation
 j - 2 scrolls of identify
Potions
 d - 3 potions of might
 f - a potion of cancellation
 g - 2 potions of attraction
 k - 2 potions of lignification
 o - a potion of haste
 p - a potion of magic
 q - a potion of mutation {unknown}

Dungeon Overview and Level Annotations

Branches:
Dungeon (9/15)             Temple (0/1) D:4            Lair (3/5) D:9
 Shoals (0/4) Lair:3          Orc (0/2) D:9
  Snake: Lair:2-3    Spider: Lair:2-3

Altars:
Ashenzari
Cheibriados
Fedhas
Gozag
Hepliaklqana
Makhleb
Nemelex Xobeh
Okawaru
Qazlal
Ru
Sif Muna
Trog
Wu Jian
Xom
Yredelemnul
Zin
The Shining One

Shops:
D:2 !

Annotations:
D:3 1 runed translucent door, Crazy Yiuf
D:6 2 transporters
D:8 4 runed translucent doors


Message History

The dream sheep dissolves into shadows!
The orange crystal statue glitters topaz in the dim dungeon light.
The bullfrog dissolves into shadows!
The orange crystal statue glitters.
You are more confused.
The orange crystal statue glitters topaz in the dim dungeon light.
You feel less confused.
The orange crystal statue glitters.
You are confused.
You feel less confused.
The orange crystal statue fixes its piercing gaze on you.
You feel your power leaking away.
The orange crystal statue glitters.
The yak bellows! x5
The yak dissolves into shadows!
A rime drake comes into view.
The yak closely misses you. The yak gores you.
You slash the yak!
The yak is moderately wounded.
You slash the yak!
Your +0 spectral war axe hits the yak. x2
Your +0 spectral war axe barely misses the yak.
The orange crystal statue glitters topaz in the dim dungeon light.
The yak barely misses you. The yak gores you but does no damage.
The yak barely misses your +0 spectral war axe.
You slash the yak!
The yak is severely wounded.
You hit the yak. You hit the yak but do no damage.
Your +0 spectral war axe hits the yak!
Your +0 spectral war axe hits the yak.
Your +0 spectral war axe hits the rime drake!
Your +0 spectral war axe hits the yak.
The rime drake barely misses your +0 spectral war axe.
The yak gores your +0 spectral war axe!
Your spectral weapon shares its damage with you!
You block the yak's attack. The yak gores you but does no damage.
The yak gores your +0 spectral war axe!
Your spectral weapon shares its damage with you!
The rime drake breathes ice at you. The flash freeze hits you!
You partially resist.
You die...

#......#.............#.....
##..........................
#..P...................###..
####...$....(.¤...........
##.....~.~~¤...........
#......~¤~~~.~........
#.....~~Y..~~.........
#...YY~YF$8!~¤..[..#..
#....@~k¤Y~.~¤....##..
##....(Y.~~~~~......##.
#........~..........###
##P....................
#....................##
##..................##
##..P..............#
#...#..........)..###
##..........P..##~..#


You could see an orange crystal statue, 6 yaks, a cane toad (summoned), a rime
drake (summoned, catching breath) and a friendly +0 spectral war axe (summoned).

Vanquished Creatures
  Gastronok (Lair:2)
  2 hydras
  Harold (Lair:2)
  Erica (D:8)
  A merfolk siren (Lair:3)
  3 black mambas
  Joseph (D:7)
  A gargoyle (D:9)
  4 cane toads (Lair:1)
  Maggie (D:7)
  2 komodo dragons
  3 merfolk (Lair:3)
  2 slime creatures (D:8)
  A polar bear (Lair:2)
  Prince Ribbit (D:7)
  2 wyverns
  3 basilisks
  30 yaks
  A steam dragon (D:8)
  Grum (D:8)
  Menkaure (D:7)
  A warg (D:8)
  10 water moccasins
  4 orc warriors
  3 ice beasts
  3 black bears
  14 wolves
  4 centaurs
  A phantom (D:6)
  3 kobold brigands
  6 bullfrogs
  A necrophage (D:8)
  5 scorpions
  13 wights
  5 killer bees (D:8)
  2 howler monkeys (D:8)
  3 lava snakes (Lair:3)
  5 hounds
  2 jellies
  4 orc priests
  2 gnoll boudas
  An iron imp (D:5)
  7 iguanas
  5 orc wizards
  Ijyb (D:3)
  13 gnolls
  8 adders
  A shadow imp (D:8)
  A white imp (D:6)
  An ufetubus (D:5)
  6 dart slugs
  16 orcs
  4 endoplasms
  6 giant cockroaches
  13 goblins
  8 hobgoblins
  6 jackals
  13 kobolds
  3 quokkas
  9 ball pythons
  4 bats
  3 frilled lizards (D:1)
  4 rats
287 creatures vanquished.

Vanquished Creatures (others)
  24 fungi
  16 plants
40 creatures vanquished.

Grand Total: 327 creatures vanquished

Notes
Turn   | Place    | Note
-------+----------+-------------------------------------------
     0 | D:1      | qw the Gargoyle Fighter began the quest for the Orb.
     0 | D:1      | Reached XP level 1. HP: 14/14 MP: 1/1
     0 | D:1      | 0 ||| qw: Version: 0.2-a-10-g399e6c4
     0 | D:1      | 0 ||| qw: Game counter: 105
     0 | D:1      | 0 ||| qw: Always use a shield: true
     0 | D:1      | 0 ||| qw: God list: Okawaru
     0 | D:1      | 0 ||| qw: Allow faded altars: false
     0 | D:1      | 0 ||| qw: Do Orc after D:15 true
     0 | D:1      | 0 ||| qw: Do second Lair branch before Depths: true
     0 | D:1      | 0 ||| qw: Lair rune preference: random
     0 | D:1      | 0 ||| qw: Plans: Normal, Zot:1-4, God:TSO, Crypt, Tomb,
                  | Pan, Slime:5, Hells, Abyss, Orb
     0 | D:1      | 0 ||| PLANNING D:1-11
    68 | D:1      | Reached skill level 2 in Axes
   313 | D:1      | Reached XP level 2. HP: 16/19 MP: 2/2
   430 | D:1      | 430 ||| DROPPING +0 club.
   837 | D:1      | Reached skill level 3 in Axes
   979 | D:1      | Reached XP level 3. HP: 21/23 MP: 3/3
  1053 | D:1      | 1053 ||| UPGRADING to +0 helmet.
  1058 | D:1      | 1058 ||| UPGRADING to +0 pair of gloves.
  1063 | D:1      | 1063 ||| READING scroll labelled IGHAG ZAHAZXU.
  1064 | D:1      | 1064 ||| READING 3 scrolls labelled JEOR HYIME.
  1065 | D:1      | 1065 ||| READING scroll labelled GISMI JAHECS.
  1066 | D:1      | 1066 ||| DRINKING 2 grey potions.
  1067 | D:1      | 1067 ||| READING 2 scrolls of identify.
  1067 | D:1      | 1067 ||| IDENTIFYING yellow potion
  1068 | D:1      | 1068 ||| DROPPING potion of brilliance.
  1069 | D:1      | 1069 ||| DROPPING potion of flight.
  1087 | D:2      | 1087 ||| STAIRDANCE
  1096 | D:2      | 1096 ||| STAIRDANCE
  1177 | D:2      | Found Cofey's Distillery.
  1232 | D:2      | 1232 ||| SHOPLISTING 2 potions of resistance (280 gold,
                  | have 82).
  1232 | D:2      | 1232 ||| BUYING potion of attraction (42 gold).
  1232 | D:2      | Bought a potion of attraction for 42 gold pieces
  1232 | D:2      | 1232 ||| SHOPLISTING potion of haste (140 gold, have 40).
  1232 | D:2      | 1232 ||| SHOPLISTING potion of heal wounds (70 gold, have
                  | 40).
  1232 | D:2      | 1232 ||| SHOPLISTING potion of might (56 gold, have 40).
  1286 | D:2      | Found a faded altar of an unknown god.
  1405 | D:2      | Reached XP level 4. HP: 22/28 MP: 4/4
  1526 | D:2      | Found a sparkling altar of Nemelex Xobeh.
  1665 | D:2      | 1665 ||| UPGRADING to scarf of repulsion.
  1670 | D:2      | 1670 ||| READING 3 scrolls labelled QASEG FENOKHAFIG.
  1675 | D:2      | 1675 ||| READING scroll labelled NIQOHO XOUBRONLAU.
  1705 | D:3      | 1705 ||| STAIRDANCE
  1709 | D:2      | Reached skill level 4 in Axes
  1711 | D:3      | 1711 ||| STAIRDANCE
  1780 | D:3      | 1780 ||| Stepping ~*~*~tactically~*~*~ (stealth).
  1782 | D:3      | 1782 ||| Stepping ~*~*~tactically~*~*~ (stealth).
  1791 | D:3      | Found an ornate altar of the Wu Jian Council.
  1794 | D:3      | 1794 ||| Stepping ~*~*~tactically~*~*~ (hiding).
  1800 | D:3      | Reached XP level 5. HP: 32/32 MP: 5/5
  2037 | D:3      | 2037 ||| Stepping ~*~*~tactically~*~*~ (stealth).
  2069 | D:3      | 2069 ||| Stepping ~*~*~tactically~*~*~ (stealth).
  2071 | D:3      | 2071 ||| Stepping ~*~*~tactically~*~*~ (stealth).
  2072 | D:3      | 2072 ||| Stepping ~*~*~tactically~*~*~ (stealth).
  2073 | D:3      | 2073 ||| Stepping ~*~*~tactically~*~*~ (stealth).
  2100 | D:3      | Found a broken altar of Ashenzari.
  2168 | D:3      | Found a runed translucent door.
  2169 | D:3      | Noticed Crazy Yiuf
  2200 | D:3      | 2200 ||| Stepping ~*~*~tactically~*~*~ (stealth).
  2201 | D:3      | Noticed Ijyb
  2202 | D:3      | 2202 ||| Stepping ~*~*~tactically~*~*~ (hiding).
  2213 | D:3      | Killed Ijyb
  2214 | D:3      | Reached skill level 5 in Axes
  2344 | D:3      | Found an opulent altar of Gozag.
  2348 | D:3      | Found a sacrificial altar of Ru.
  2515 | D:4      | Found a basalt altar of Yredelemnul.
  2748 | D:4      | Found a staircase to the Ecumenical Temple.
  2749 | D:4      | 2749 ||| PLANNING TEMPLE
  2823 | D:4      | 2823 ||| Stepping ~*~*~tactically~*~*~ (stealth).
  2825 | D:4      | 2825 ||| Stepping ~*~*~tactically~*~*~ (hiding).
  3049 | D:4      | Identified the ring "Riodoost" {rElec rC+ rN++}
  3210 | D:4      | 3210 ||| DROPPING +1 leather armour of fire resistance.
  3211 | D:4      | 3211 ||| UPGRADING to +0 chain mail.
  3221 | D:4      | 3221 ||| DROPPING +0 scale mail.
  3222 | D:4      | 3222 ||| UPGRADING to ring "Riodoost" {rElec rC+ rN++}.
  3223 | D:4      | 3223 ||| READING scroll labelled DAPSOMAUTU.
  3224 | D:4      | 3224 ||| READING scroll labelled QESICU USTESSE.
  3325 | D:4      | 3325 ||| READING 2 scrolls of identify.
  3325 | D:4      | 3325 ||| IDENTIFYING fizzy white potion
  3356 | D:5      | Entered Level 5 of the Dungeon
  3363 | D:5      | Reached XP level 6. HP: 29/39 MP: 6/6
  3373 | D:5      | 3373 ||| FLEEEEING.
  3374 | D:5      | 3374 ||| STAIRDANCE
  3459 | D:5      | 3459 ||| Stepping ~*~*~tactically~*~*~ (hiding).
  3482 | D:5      | HP: 8/39 [gnoll/+0 flail[a gnoll bouda] (3)]
  3483 | D:5      | 3483 ||| READING 2 scrolls of teleportation.
  3484 | D:5      | 3484 ||| DRINKING potion of heal wounds.
  3541 | D:5      | 3541 ||| Stepping ~*~*~tactically~*~*~ (stealth).
  3552 | D:5      | 3552 ||| DROPPING +0 whip.
  3601 | D:5      | Found a snail-covered altar of Cheibriados.
  3674 | D:5      | 3674 ||| Stepping ~*~*~tactically~*~*~ (hiding).
  3854 | D:5      | Reached skill level 6 in Axes
  3903 | D:5      | Reached XP level 7. HP: 40/44 MP: 7/7
  3941 | D:5      | Reached skill level 1 in Dodging
  4159 | D:5      | 4159 ||| UPGRADING to +2 pair of gloves of dexterity.
  4169 | D:5      | 4169 ||| DROPPING +0 pair of gloves.
  4170 | D:5      | 4170 ||| READING scroll labelled HUTAMU YDWU.
  4171 | D:5      | 4171 ||| READING 2 scrolls of identify.
  4171 | D:5      | 4171 ||| IDENTIFYING green potion
  4214 | D:6      | Found a shimmering altar of Xom.
  4216 | D:6      | 4216 ||| Stepping ~*~*~tactically~*~*~ (hiding).
  4226 | D:6      | 4226 ||| FLEEEEING.
  4227 | D:6      | 4227 ||| FLEEEEING.
  4228 | D:6      | 4228 ||| FLEEEEING.
  4229 | D:6      | 4229 ||| FLEEEEING.
  4230 | D:6      | 4230 ||| FLEEEEING.
  4231 | D:6      | 4231 ||| FLEEEEING.
  4232 | D:6      | 4232 ||| FLEEEEING.
  4233 | D:6      | 4233 ||| STAIRDANCE
  4330 | D:6      | Reached skill level 7 in Axes
  4342 | D:6      | Found a transporter.
  4352 | D:6      | Noticed a kobold demonologist
  4360 | D:6      | Found a transporter.
  4371 | D:6      | Noticed a kobold demonologist
  4460 | D:6      | Reached XP level 8. HP: 49/49 MP: 8/8
  4639 | D:6      | Reached skill level 8 in Axes
  4652 | D:6      | Found a glowing silver altar of Zin.
  4652 | D:6      | Found a burning altar of Makhleb.
  4653 | D:6      | Noticed a cacodemon
  4653 | D:6      | Noticed an angel
  4721 | D:6      | 4721 ||| Stepping ~*~*~tactically~*~*~ (stealth).
  4722 | D:6      | 4722 ||| Stepping ~*~*~tactically~*~*~ (stealth).
  4840 | D:6      | 4840 ||| UPGRADING to ring of see invisible.
  4841 | D:6      | 4841 ||| READING 2 scrolls of identify.
  4841 | D:6      | 4841 ||| IDENTIFYING fuming white potion
  4894 | D:7      | Noticed Prince Ribbit
  4909 | D:7      | 4909 ||| FLEEEEING.
  4910 | D:7      | 4910 ||| FLEEEEING.
  4911 | D:7      | 4911 ||| FLEEEEING.
  4912 | D:7      | 4912 ||| FLEEEEING.
  4913 | D:7      | 4913 ||| FLEEEEING.
  4914 | D:7      | 4914 ||| FLEEEEING.
  4915 | D:7      | 4915 ||| FLEEEEING.
  4917 | D:7      | 4917 ||| STAIRDANCE
  4971 | D:7      | Killed Prince Ribbit
  5020 | D:7      | Noticed Joseph
  5028 | D:7      | Killed Joseph
  5029 | D:7      | Reached XP level 9. HP: 36/57 MP: 9/9
  5222 | D:7      | Found a glowing golden altar of the Shining One.
  5222 | D:7      | Found a blossoming altar of Fedhas.
  5236 | D:7      | Noticed Menkaure
  5237 | D:7      | 5237 ||| Stepping ~*~*~tactically~*~*~ (hiding).
  5241 | D:7      | Killed Menkaure
  5247 | D:7      | 5247 ||| DRINKING 2 potions of curing.
  5247 | D:7      | 5247 ||| (to cure confusion)
  5320 | D:7      | 5320 ||| FLEEEEING.
  5321 | D:7      | 5321 ||| FLEEEEING.
  5436 | D:7      | 5436 ||| Stepping ~*~*~tactically~*~*~ (hiding).
  5438 | D:7      | 5438 ||| Stepping ~*~*~tactically~*~*~ (hiding).
  5441 | D:7      | Reached skill level 9 in Axes
  5487 | D:7      | Noticed Maggie
  5506 | D:7      | Killed Maggie
  5649 | D:7      | Found a shimmering blue altar of Sif Muna.
  5733 | D:7      | Found a bloodstained altar of Trog.
  5912 | D:7      | Found a hazy altar of Hepliaklqana.
  5914 | D:7      | Found an iron altar of Okawaru.
  6088 | D:7      | 6088 ||| READING scroll labelled RET JARALUS.
  6089 | D:7      | 6089 ||| READING scroll labelled BUVAXKOCETS.
  6090 | D:7      | 6090 ||| READING 2 scrolls labelled FOMELU WOGUTHI.
  6091 | D:7      | 6091 ||| READING scroll of enchant armour.
  6091 | D:7      | 6091 ||| ENCHANTING +0 helmet.
  6092 | D:7      | 6092 ||| READING 2 scrolls of identify.
  6092 | D:7      | 6092 ||| IDENTIFYING lumpy golden potion
  6093 | D:7      | 6093 ||| DROPPING potion of ambrosia.
  6158 | D:8      | 6158 ||| Stepping ~*~*~tactically~*~*~ (hiding).
  6163 | D:8      | Noticed Erica
  6172 | D:8      | Killed Erica
  6173 | D:8      | Reached skill level 10 in Axes
  6173 | D:8      | Reached XP level 10. HP: 29/63 MP: 10/10
  6183 | D:8      | 6183 ||| FLEEEEING.
  6307 | D:8      | 6307 ||| FLEEEEING.
  6308 | D:8      | 6308 ||| FLEEEEING.
  6309 | D:8      | 6309 ||| FLEEEEING.
  6310 | D:8      | 6310 ||| FLEEEEING.
  6311 | D:8      | 6311 ||| FLEEEEING.
  6352 | D:8      | 6352 ||| DRINKING potion of curing.
  6352 | D:8      | 6352 ||| (to cure confusion)
  6354 | D:8      | 6354 ||| Stepping ~*~*~tactically~*~*~ (hiding).
  6361 | D:8      | 6361 ||| Stepping ~*~*~tactically~*~*~ (hiding).
  6386 | D:8      | Noticed Grum
  6387 | D:8      | 6387 ||| FLEEEEING.
  6388 | D:8      | 6388 ||| FLEEEEING.
  6389 | D:8      | 6389 ||| FLEEEEING.
  6390 | D:8      | 6390 ||| FLEEEEING.
  6394 | D:8      | 6394 ||| FLEEEEING.
  6395 | D:8      | 6395 ||| FLEEEEING.
  6396 | D:8      | 6396 ||| FLEEEEING.
  6398 | D:8      | 6398 ||| Stepping ~*~*~tactically~*~*~ (stealth).
  6557 | D:8      | Identified the ring "Qaugh" {rElec rCorr}
  6563 | D:8      | Killed Grum
  6582 | D:8      | 6582 ||| FLEEEEING.
  6583 | D:8      | 6583 ||| FLEEEEING.
  6584 | D:8      | 6584 ||| FLEEEEING.
  6635 | D:8      | 6635 ||| Stepping ~*~*~tactically~*~*~ (cloud).
  6645 | D:8      | Reached skill level 6 in Armour
  6868 | D:8      | 6868 ||| DRINKING potion of curing.
  6868 | D:8      | 6868 ||| (to cure confusion)
  6928 | D:8      | 6928 ||| Stepping ~*~*~tactically~*~*~ (stealth).
  6936 | D:8      | Reached skill level 11 in Axes
  7027 | D:8      | 7027 ||| FLEEEEING.
  7028 | D:8      | 7028 ||| FLEEEEING.
  7030 | D:8      | 7030 ||| FLEEEEING.
  7031 | D:8      | 7031 ||| FLEEEEING.
  7033 | D:8      | 7033 ||| FLEEEEING.
  7034 | D:8      | 7034 ||| FLEEEEING.
  7073 | D:8      | 7073 ||| Stepping ~*~*~tactically~*~*~ (stealth).
  7074 | D:8      | 7074 ||| Stepping ~*~*~tactically~*~*~ (stealth).
  7098 | D:8      | 7098 ||| Stepping ~*~*~tactically~*~*~ (stealth).
  7106 | D:8      | 7106 ||| Stepping ~*~*~tactically~*~*~ (stealth).
  7109 | D:8      | 7109 ||| Stepping ~*~*~tactically~*~*~ (stealth).
  7128 | D:8      | Found a stormy altar of Qazlal.
  7284 | D:8      | 7284 ||| Stepping ~*~*~tactically~*~*~ (stealth).
  7285 | D:8      | 7285 ||| Stepping ~*~*~tactically~*~*~ (stealth).
  7292 | D:8      | Found a large runed translucent door.
  7293 | D:8      | Found a large runed translucent door.
  7339 | D:8      | Noticed a tengu warrior
  7345 | D:8      | Found a large runed translucent door.
  7345 | D:8      | Found a large runed translucent door.
  7411 | D:8      | Reached skill level 9 in Fighting
  7548 | D:8      | 7548 ||| Stepping ~*~*~tactically~*~*~ (stealth).
  7550 | D:8      | 7550 ||| Stepping ~*~*~tactically~*~*~ (stealth).
  7677 | D:8      | 7677 ||| DROPPING +0 flail.
  7863 | D:8      | 7863 ||| UPGRADING to +0 plate armour.
  7873 | D:8      | 7873 ||| DROPPING +0 chain mail.
  7896 | D:7      | 7896 ||| PLANNING WORSHIP OKAWARU
  7899 | D:7      | Became a worshipper of Warmaster Okawaru
  7900 | D:7      | 7900 ||| PLANNING D:1-11
  7938 | D:9      | 7938 ||| STAIRDANCE
  7967 | D:9      | 7967 ||| STAIRDANCE
  7973 | D:8      | Reached skill level 1 in Throwing
  8002 | D:9      | 8002 ||| STAIRDANCE
  8016 | D:9      | 8016 ||| STAIRDANCE
  8063 | D:9      | 8063 ||| STAIRDANCE
  8069 | D:8      | Reached skill level 3 in Throwing
  8079 | D:9      | 8079 ||| STAIRDANCE
  8089 | D:9      | 8089 ||| STAIRDANCE
  8095 | D:8      | Reached * piety under Okawaru
  8096 | D:8      | Reached XP level 11. HP: 71/71 MP: 11/11
  8097 | D:8      | Reached skill level 1 in Invocations
  8105 | D:9      | Found a staircase to the Orcish Mines.
  8109 | D:9      | 8109 ||| FLEEEEING.
  8110 | D:9      | 8110 ||| FLEEEEING.
  8111 | D:9      | 8111 ||| STAIRDANCE
  8155 | D:9      | 8155 ||| Stepping ~*~*~tactically~*~*~ (hiding).
  8156 | D:9      | 8156 ||| Stepping ~*~*~tactically~*~*~ (hiding).
  8289 | D:9      | 8289 ||| INVOKING Heroism.
  8291 | D:9      | Reached skill level 3 in Invocations
  8319 | D:9      | 8319 ||| Stepping ~*~*~tactically~*~*~ (hiding).
  8322 | D:9      | 8322 ||| INVOKING Heroism.
  8333 | D:9      | 8333 ||| Stepping ~*~*~tactically~*~*~ (hiding).
  8430 | D:9      | 8430 ||| Stepping ~*~*~tactically~*~*~ (hiding).
  8542 | D:9      | 8542 ||| INVOKING Heroism.
  8544 | D:9      | Reached ** piety under Okawaru
  8610 | D:9      | 8610 ||| Stepping ~*~*~tactically~*~*~ (stealth).
  8613 | D:9      | 8613 ||| INVOKING Heroism.
  8614 | D:9      | 8614 ||| Stepping ~*~*~tactically~*~*~ (stealth).
  9070 | D:9      | Found a staircase to the Lair.
  9071 | D:9      | 9071 ||| INVOKING Heroism.
  9293 | D:9      | 9293 ||| Stepping ~*~*~tactically~*~*~ (stealth).
  9295 | D:9      | 9295 ||| INVOKING Heroism.
  9296 | D:9      | 9296 ||| Stepping ~*~*~tactically~*~*~ (stealth).
  9408 | D:9      | 9408 ||| DROPPING +6 ring of intelligence.
  9409 | D:9      | 9409 ||| READING scroll labelled BIOPSOBEILU.
  9410 | D:9      | 9410 ||| READING scroll of teleportation.
  9433 | D:9      | 9433 ||| Stepping ~*~*~tactically~*~*~ (stealth).
  9434 | D:9      | 9434 ||| Stepping ~*~*~tactically~*~*~ (stealth).
  9438 | D:9      | 9438 ||| Stepping ~*~*~tactically~*~*~ (stealth).
  9447 | D:9      | 9447 ||| FLEEEEING.
  9448 | D:9      | 9448 ||| FLEEEEING.
  9449 | D:9      | 9449 ||| FLEEEEING.
  9450 | D:9      | 9450 ||| FLEEEEING.
  9451 | D:9      | 9451 ||| FLEEEEING.
  9452 | D:9      | 9452 ||| FLEEEEING.
  9453 | D:9      | 9453 ||| FLEEEEING.
  9454 | D:9      | 9454 ||| FLEEEEING.
  9455 | D:9      | 9455 ||| FLEEEEING.
  9456 | D:9      | 9456 ||| FLEEEEING.
  9457 | D:9      | 9457 ||| FLEEEEING.
  9458 | D:9      | 9458 ||| FLEEEEING.
  9459 | D:9      | 9459 ||| FLEEEEING.
  9461 | D:9      | 9461 ||| FLEEEEING.
  9462 | D:9      | 9462 ||| FLEEEEING.
  9468 | D:9      | 9468 ||| INVOKING Heroism.
  9471 | D:9      | Reached skill level 12 in Axes
  9782 | D:9      | 9782 ||| PLANNING LAIR
  9838 | Lair:1   | Entered Level 1 of the Lair of Beasts
  9858 | Lair:1   | Reached *** piety under Okawaru
  9891 | Lair:1   | 9891 ||| INVOKING Heroism.
  9992 | Lair:1   | 9992 ||| Stepping ~*~*~tactically~*~*~ (stealth).
  9997 | Lair:1   | Reached skill level 6 in Shields
 10010 | Lair:1   | 10010 ||| Stepping ~*~*~tactically~*~*~ (stealth).
 10038 | Lair:1   | 10038 ||| INVOKING Heroism.
 10046 | Lair:1   | 10046 ||| Stepping ~*~*~tactically~*~*~ (stealth).
 10054 | Lair:1   | 10054 ||| INVOKING Heroism.
 10082 | Lair:1   | Reached skill level 9 in Armour
 10082 | Lair:1   | Noticed an eight-headed hydra
 10085 | Lair:1   | 10085 ||| INVOKING Heroism.
 10087 | Lair:1   | 10087 ||| SWAPPING to +0 morningstar.
 10088 | Lair:1   | 10088 ||| Stepping ~*~*~tactically~*~*~ (outnumbered).
 10089 | Lair:1   | 10089 ||| Stepping ~*~*~tactically~*~*~ (outnumbered).
 10090 | Lair:1   | 10090 ||| Stepping ~*~*~tactically~*~*~ (outnumbered).
 10091 | Lair:1   | 10091 ||| Stepping ~*~*~tactically~*~*~ (outnumbered).
 10092 | Lair:1   | 10092 ||| Stepping ~*~*~tactically~*~*~ (outnumbered).
 10093 | Lair:1   | 10093 ||| Stepping ~*~*~tactically~*~*~ (outnumbered).
 10094 | Lair:1   | 10094 ||| Stepping ~*~*~tactically~*~*~ (outnumbered).
 10099 | Lair:1   | Killed an eight-headed hydra
 10100 | Lair:1   | 10100 ||| SWAPPING to +0 spectral war axe.
 10103 | Lair:1   | Reached **** piety under Okawaru
 10104 | Lair:1   | Reached XP level 12. HP: 40/77 MP: 15/15
 10104 | Lair:1   | 10104 ||| INVOKING Heroism.
 10431 | Lair:1   | 10431 ||| Stepping ~*~*~tactically~*~*~ (stealth).
 10433 | Lair:1   | 10433 ||| Stepping ~*~*~tactically~*~*~ (stealth).
 10588 | Lair:1   | 10588 ||| Stepping ~*~*~tactically~*~*~ (stealth).
 10783 | Lair:1   | 10783 ||| DRINKING 2 fuming blue potions.
 10784 | Lair:1   | 10784 ||| DRINKING 2 glowing cyan potions.
 10810 | Lair:2   | 10810 ||| INVOKING Heroism.
 10813 | Lair:2   | 10813 ||| STAIRDANCE
 10859 | Lair:2   | 10859 ||| INVOKING Heroism.
 11007 | Lair:2   | 11007 ||| Stepping ~*~*~tactically~*~*~ (stealth).
 11010 | Lair:2   | 11010 ||| Stepping ~*~*~tactically~*~*~ (stealth).
 11022 | Lair:2   | 11022 ||| Stepping ~*~*~tactically~*~*~ (stealth).
 11109 | Lair:2   | 11109 ||| Stepping ~*~*~tactically~*~*~ (stealth).
 11113 | Lair:2   | 11113 ||| INVOKING Heroism.
 11116 | Lair:2   | Noticed Harold
 11117 | Lair:2   | 11117 ||| Stepping ~*~*~tactically~*~*~ (stealth).
 11118 | Lair:2   | 11118 ||| Stepping ~*~*~tactically~*~*~ (stealth).
 11129 | Lair:2   | Reached skill level 6 in Invocations
 11189 | Lair:2   | 11189 ||| INVOKING Heroism.
 11234 | Lair:2   | 11234 ||| Stepping ~*~*~tactically~*~*~ (hiding).
 11237 | Lair:2   | 11237 ||| INVOKING Heroism.
 11242 | Lair:2   | Killed Harold
 11542 | Lair:2   | 11542 ||| INVOKING Heroism.
 11578 | Lair:2   | Noticed a five-headed hydra
 11579 | Lair:2   | 11579 ||| INVOKING Heroism.
 11582 | Lair:2   | 11582 ||| SWAPPING to +0 morningstar.
 11590 | Lair:2   | Killed a five-headed hydra
 11591 | Lair:2   | 11591 ||| SWAPPING to +0 spectral war axe.
 11762 | Lair:2   | Reached ***** piety under Okawaru
 11809 | Lair:2   | Noticed Gastronok
 11810 | Lair:2   | 11810 ||| INVOKING Heroism.
 11822 | Lair:2   | Killed Gastronok
 11822 | Lair:2   | Received a gift from Okawaru
 11823 | Lair:2   | Reached skill level 13 in Axes
 11938 | Lair:2   | 11938 ||| UPGRADING to +0 pair of boots.
 11943 | Lair:2   | 11943 ||| READING 3 scrolls of identify.
 11943 | Lair:2   | 11943 ||| IDENTIFYING puce potion
 11944 | Lair:2   | 11944 ||| READING 2 scrolls of identify.
 11944 | Lair:2   | 11944 ||| IDENTIFYING coppery potion
 11945 | Lair:2   | 11945 ||| DROPPING potion of degeneration.
 11946 | Lair:2   | 11946 ||| DROPPING potion of invisibility.
 12148 | Lair:3   | 12148 ||| Stepping ~*~*~tactically~*~*~ (hiding).
 12149 | Lair:3   | 12149 ||| Stepping ~*~*~tactically~*~*~ (hiding).
 12154 | Lair:3   | 12154 ||| INVOKING Heroism.
 12258 | Lair:3   | Found a staircase to the Shoals.
 12259 | Lair:3   | 12259 ||| INVOKING Heroism.
 12260 | Lair:3   | 12260 ||| INVOKING Finesse.
 12262 | Lair:3   | 12262 ||| DRINKING 4 potions of curing.
 12262 | Lair:3   | 12262 ||| (to cure confusion)
 12281 | Lair:3   | 12281 ||| DRINKING 3 potions of curing.
 12281 | Lair:3   | 12281 ||| (to cure confusion)
 12298 | Lair:3   | 12298 ||| DRINKING 2 potions of curing.
 12298 | Lair:3   | 12298 ||| (to cure confusion)
 12320 | Lair:3   | 12320 ||| DRINKING potion of curing.
 12320 | Lair:3   | 12320 ||| (to cure confusion)
 12328 | Lair:3   | 12328 ||| INVOKING Heroism.
 12360 | Lair:3   | Noticed a catoblepas
 12375 | Lair:3   | 12375 ||| FLEEEEING.
 12377 | Lair:3   | 12377 ||| FLEEEEING.
 12378 | Lair:3   | 12378 ||| FLEEEEING.
 12379 | Lair:3   | 12379 ||| FLEEEEING.
 12380 | Lair:3   | 12380 ||| FLEEEEING.
 12555 | Lair:3   | 12555 ||| INVOKING Heroism.
 12556 | Lair:3   | 12556 ||| INVOKING Finesse.
 12575 | Lair:3   | 12575 ||| INVOKING Heroism.
 12655 | Lair:3   | 12655 ||| INVOKING Heroism.
 12662 | Lair:3   | Found a burning altar of Makhleb.
 12704 | Lair:3   | 12704 ||| INVOKING Heroism.
 12936 | Lair:3   | 12936 ||| INVOKING Heroism.
 12954 | Lair:3   | Lost intelligence.
 13096 | Lair:3   | 13096 ||| INVOKING Heroism.
 13119 | Lair:3   | 13119 ||| FLEEEEING.
 13158 | Lair:3   | 13158 ||| INVOKING Heroism.
 13240 | Lair:3   | 13240 ||| INVOKING Heroism.
 13263 | Lair:3   | 13263 ||| INVOKING Heroism.
 13337 | Lair:3   | 13337 ||| INVOKING Heroism.
 13360 | Lair:3   | 13360 ||| FLEEEEING.
 13361 | Lair:3   | 13361 ||| FLEEEEING.
 13367 | Lair:3   | HP: 14/77 [yak[an orange crystal statue] (8)]
 13368 | Lair:3   | 13368 ||| DRINKING potion of heal wounds.
 13372 | Lair:3   | 13372 ||| INVOKING Heroism.
 13373 | Lair:3   | HP: 11/77 [yak[an orange crystal statue] (1)]
 13374 | Lair:3   | HP: 4/77 [yak[an orange crystal statue] (7)]
 13413 | Lair:3   | HP: 14/77 [yak[an orange crystal statue] (3)]
 13415 | Lair:3   | HP: 5/77 [yak[an orange crystal statue] (4)]
 13415 | Lair:3   | Killed from afar by a rime drake

Levels and vault maps discovered:
D:1:      dpeg_arrival_solitude, layout_basic
D:2:      layout_rooms, serial_shops, shop_statue,
          ebering_ecumenical_altar_abandoned, basic_altar
D:3:      kennysheep_the_goblin_king, layout_basic, minitemple,
          lemuel_round_altar, minivault_24, grunt_ministairs_13,
          uniq_crazy_yiuf_cottage
D:4:      kennysheep_spiral_hall, layout_basic,
          mainiacjoe_overflow_tiny_flanked, minmay_temple_entry_junction,
          kennysheep_generic_room_13
D:5:      layout_basic, slow_altar_1, serial_rivers,
          chequers_serial_rivers_micro_c, chequers_serial_rivers_micro_d,
          chequers_serial_rivers_micro_d, chequers_serial_rivers_micro_b,
          chequers_serial_rivers_room_b, chequers_serial_rivers_room_a
D:6:      gammafunk_wand_slinger, layout_rooms,
          grunt_temple_overflow_order_and_chaos_2, xom_teletrap_fun
D:7:      layout_loops_ring, mainiacjoe_overflow_brackets, trog_butcher_becter,
          nicolae_overflow_hidden_temple, gammafunk_temple_overflow_wave,
          uniq_prince_ribbit1, uniq_maggie, uniq_menkaure, uniq_joseph
D:8:      layout_basic, nicolae_overflow_crystal_walls,
          minmay_hollow_rounded_squares, uniq_grum, uniq_erica
D:9:      layout_basic, grunt_lair_entry_orc_guard_hut, david_orc_3,
          serial_co_window_serial, co_window_corner_a, co_window_corner_a,
          co_window_paths_a, co_window_of_opportunity_a, co_window_corner_a,
          co_window_corner_cb, co_window_of_opportunity_c,
          co_window_unsneaky_path_e, co_window_of_opportunity_c,
          co_window_2corner, co_window_2corner, co_window_paths_c,
          co_window_4corner_b, glass_columns_a, glass_columns_c
Lair:1:   layout_chaotic_city, columned_hall_lemuel, beast_lair_carwin_2,
          serial_bayou_shore_b
Lair:2:   layout_misc_corridors, chequers_serial_rivers_micro_e,
          serial_bayou_shore_b, uniq_gastronok, uniq_harold
Lair:3:   beast_lair_carwin_large_2, layout_cave_pods,
          elwin_shoals_entry_stream, spider_nest_entry_web_field, basic_altar,
          disabler_island, grunt_megastairs_2

Skill      XL: |  1  2  3  4  5  6  7  8  9 10 11 12 |
---------------+-------------------------------------+-----
Axes           | 2 3 4 5 6 7 8 10 11 12 13 | 13.0
Fighting       | 4 5 7 9 10 | 10.1
Dodging        | 1 2 |  2.2
Armour         | 5 6 9 |  9.1
Shields        | 4 5 6 |  6.0
Throwing       | 3 4 |  4.0
Invocations    | 4 8 |  8.2

Action                   |  1- 3 |  4- 6 |  7- 9 | 10-12 || total
-------------------------+-------+-------+-------+-------++-------
Melee: War axe           |    96 |   108 |   149 |   527 ||   880
       Morningstar       |       |       |       |    12 ||    12
Throw: Javelin           |       |       |       |    50 ||    50
Invok: Heroism           |       |       |       |    34 ||    34
       Finesse           |       |       |       |     2 ||     2
  Use: Scroll            |     4 |     6 |     8 |     4 ||    22
       Potion            |     1 |     1 |     1 |     9 ||    12
 Stab: Distracted        |       |       |     1 |     7 ||     8
Armor: Scale mail        |    50 |    17 |       |       ||    67
       Chain mail        |       |    15 |    79 |    54 ||   148
       Plate armour      |       |       |       |   283 ||   283
Dodge: Dodged            |    47 |    31 |    42 |   190 ||   310
       Repelled          |       |     2 |     1 |     3 ||     6
Block: Buckler           |    15 |    12 |    20 |   113 ||   160

Table legend:
 A = Non-vault XP
 B = Vault XP
 C = Vault XP percentage of total XP
 D = Non-vault monster count
 E = Vault monster count
 F = Vault count percentage of total count
                 A         B        C        D         E       F
            +---------+---------+-------+---------+---------+-------
      Total |   19756 |    9559 |  32.6 |     221 |      65 |  22.7
            +---------+---------+-------+---------+---------+-------
        D:1 |      35 |       0 |   0.0 |      21 |       0 |   0.0
        D:2 |      63 |      12 |  16.0 |      16 |       4 |  20.0
        D:3 |      57 |      83 |  59.3 |      20 |       8 |  28.6
        D:4 |      27 |      11 |  28.9 |       8 |       5 |  38.5
        D:5 |     399 |      39 |   8.9 |      18 |       1 |   5.3
        D:6 |     948 |       0 |   0.0 |      15 |       0 |   0.0
        D:7 |     541 |    1571 |  74.4 |      10 |       8 |  44.4
        D:8 |    2873 |    2821 |  49.5 |      35 |      17 |  32.7
        D:9 |    4354 |     606 |  12.2 |      34 |       9 |  20.9
     Lair:1 |    5198 |     553 |   9.6 |      20 |       4 |  16.7
     Lair:2 |    4606 |    2305 |  33.4 |      22 |       2 |   8.3
     Lair:3 |     655 |    1558 |  70.4 |       2 |       7 |  77.8
            +---------+---------+-------+---------+---------+-------
